AoeStats
← Maximus

Arabia

510566112Analyzed
1v1 RM · 2d ago on Oct 1, 2026· 63m 11s· 2 players
Game mode
Random Map
Map size
Tiny (2 player)
Population
200
Speed
Normal
Resources
Standard
Victory
Conquest
Starting age
Dark Age
Ending age
Imperial Age
RankedLock teamsTeams togetherTeam positionsShared explorationLock speedFull tech treeHidden civsTurbo modeCheats
Victory
Defeat
🇧🇪 Japanese · Belgium
1321
+16
🇮🇹 Vietnamese · Italy
1324
-16
Maximus
6:10 Loom
8:43 Feudal Age
9:28 Double-Bit Axe
14:55 Fletching
22:48 Castle Age
20:50 Horse Collar
22:04 Padded Archer Armor
23:02 Forging
22:53 Elite Skirmisher
23:33 Bodkin Arrow
25:26 Bow Saw
28:12 Wheelbarrow
28:01 Bloodlines
27:39 Gambesons
29:20 Ballistics
30:03 Town Watch
33:40 Hand Cart
33:55 Leather Archer Armor
39:13 Imperial Age
36:52 Thumb Ring
36:53 Husbandry
36:14 Light Cavalry
37:24 Town Patrol
39:14 Iron Casting
38:41 Scale Mail Armor
39:58 Bracer
43:16 Ring Archer Armor
42:57 Man-at-Arms
43:32 Onager
44:34 Redemption
49:11 Chemistry
48:22 Masonry
48:08 Murder Holes
50:04 Blast Furnace
51:10 Cavalier
53:20 Two-Man Saw
52:56 Scale Barding Armor
55:06 Chain Barding Armor
55:32 Capped Ram
63:16 Heavy Plow
Lexotan01
9:28 Feudal Age
9:56 Double-Bit Axe
10:06 Loom
17:39 Fletching
17:58 Scale Barding Armor
24:26 Castle Age
22:08 Horse Collar
22:34 Gold Mining
23:46 Wheelbarrow
24:49 Padded Archer Armor
25:18 Bow Saw
25:12 Heavy Plow
25:19 Bodkin Arrow
24:46 Crossbowman
26:50 Leather Archer Armor
30:27 Hand Cart
30:36 Town Watch
32:09 Forging
31:59 Scale Mail Armor
32:00 Squires
32:42 Town Patrol
33:02 Pikeman
33:45 Stone Mining
36:07 Chain Mail Armor
36:27 Iron Casting
36:49 Ballistics
38:27 Thumb Ring
42:55 Imperial Age
44:36 Chemistry
43:37 Bracer
42:58 Arbalester
44:12 Ring Archer Armor
44:50 Two-Man Saw
45:18 Halberdier
47:17 Careening
47:49 Masonry
47:50 Siege Engineers
50:18 Paper Money
50:31 Paper Money
51:08 Ring Archer Armor
51:09 Plate Mail Armor
50:00 Elite Skirmisher
53:22 Stone Shaft Mining
52:58 Imperial Skirmisher
Connection lost

Rejoining the realm…

Still unreachable

The connection could not be restored.

Session expired

The server has moved on; the page needs a fresh start.